 Dungeon Crawl Stone Soup version 0.28.0 (webtiles) character file.

Game seed: 16358514844823962140

150 oldriver the Skirmisher (level 5, 0/43 HPs)
             Began as a Formicid Abyssal Knight on Feb 11, 2022.
             Was a Believer of Lugonu.
             Slain by a sky beast (1 damage)
             ... on level 3 of the Dungeon.
             The game lasted 00:04:48 (3692 turns).

oldriver the Skirmisher (Formicid Abyssal Knight)   Turns: 3692, Time: 00:04:48

Health: 0/43       AC:  5    Str: 19    XL:     5   Next: 58%
Magic:  7/7        EV: 11    Int:  5    God:    Lugonu [**....]
Gold:   107        SH:  0    Dex: 16    Spells: 4/4 levels left

rFire   . . .      SeeInvis +   a - +1 hand axe
rCold   . . .      Faith    .   (no shield)
rNeg    . . .      Spirit   .   o - +1 leather armour "Wuteithrefo" {Int-5 Dex+5}
rPois   .          Reflect  .   (helmet unavailable)
rElec   .          Harm     .   (no cloak)
rCorr   .          Rampage  .   (no gloves)
Will    .....                   n - +0 pair of boots
Stlth   +.........              (no amulet)
HPRegen 0.14/turn               (no ring)
MPRegen 0.10/turn               (no ring)

@: no status effects
A: permanent stasis, dig shafts and tunnels, antennae 3, four strong arms
a: Dig, Shaft Self, Renounce Religion, Depart the Abyss, Bend Space


You were on level 3 of the Dungeon.
You worshipped Lugonu.
Lugonu was pleased with you.
You visited 1 branch of the dungeon, and saw 3 of its levels.
You visited the Abyss 1 time.

You collected 107 gold pieces.

Inventory:

Hand Weapons
 a - a +1 hand axe (weapon)
Missiles
 h - 76 stones (quivered)
Armour
 b - a +0 leather armour
 n - a +0 pair of boots (worn)
 o - the +1 leather armour "Wuteithrefo" (worn) {Int-5 Dex+5}
   (You found it on level 3 of the Dungeon)

   Int:       It affects your intelligence (-5).
   Dex:       It affects your dexterity (+5).
 q - a +0 pair of gloves
Wands
 s - a wand of digging (5)
Scrolls
 g - 2 scrolls of identify {unknown}
 i - 2 scrolls of enchant weapon {unknown}
 j - 3 scrolls of teleportation {unknown}
 k - a scroll of summoning {unknown}
Potions
 c - 2 potions of curing {unknown}
 d - a potion of attraction {unknown}
 e - a potion of mutation {unknown}
 m - a potion of brilliance {unknown}
 p - a potion of cancellation {unknown}
 r - 2 potions of magic {unknown}


   Skills:
 + Level 4.3 Fighting
 + Level 3.3 Axes
 + Level 1.5 Throwing
 - Level 2.1 Armour
 - Level 0.8 Dodging
 + Level 3.8 Invocations


You had 4 spell levels left.
You didn't know any spells.
Your spell library was empty.

Dungeon Overview and Level Annotations

Branches:
Dungeon (3/15)

Altars:
Ashenzari

Shops:
D:1 (   D:2 =


Innate Abilities, Weirdness & Mutations

You cannot be hasted, slowed, berserked, paralysed or teleported.
You can dig through walls and to a lower floor.
You have a pair of large antennae on your head. (SInv)
Your four strong arms can wield two-handed weapons with a shield.


Message History

The sky beast is moderately wounded.
The sky beast hits you but does no damage.
You barely miss the sky beast.
The sky beast is moderately wounded.
The sky beast barely misses you.
You hit the sky beast.
The sky beast is heavily wounded.
The sky beast hits you but does no damage.
You hit the sky beast but do no damage.
The sky beast is heavily wounded.
The sky beast hits you. The sky beast shocks you.
You miss the sky beast.
The sky beast is heavily wounded.
The sky beast hits you. The sky beast shocks you.
You hit the sky beast.
The sky beast is heavily wounded.
The sky beast hits you but does no damage.
You hit the sky beast.
The sky beast is severely wounded.
The sky beast completely misses you.
The sky beast hits you but does no damage.
You hit the sky beast.
The sky beast is severely wounded.
The sky beast hits you. The sky beast shocks you.
* * * LOW HITPOINT WARNING * * *
You miss the sky beast.
The sky beast is severely wounded.
The sky beast closely misses you.
Okay, then.
You hit the sky beast but do no damage.
The sky beast is severely wounded.
The sky beast hits you.
* * * LOW HITPOINT WARNING * * *
The sky beast shocks you.
* * * LOW HITPOINT WARNING * * *
Unknown command.
You hit the sky beast but do no damage.
The sky beast is severely wounded.
The sky beast hits you.
You die...

#.).###...............
##.######((#..####.....
#..).......<.(((.....#.
#.....(...#.####(#####.
#...........# #.## ##.
#.........######..##...
###............##........
########.>......................
#..............@Y(..((##......((
#....................((#........
#..<............................
#...............................
#...............................
#......................#########
#.....................#
##.............#.....##
#........############


You could see a sky beast.

Vanquished Creatures
  A water moccasin skeleton (D:3)
  An orc wizard (D:3)
  An adder (D:2)
  A worm (D:2)
  5 dart slugs
  2 orcs (D:3)
  6 ball pythons
  7 bats
  5 endoplasms
  3 giant cockroaches
  4 goblins
  3 hobgoblins
  2 quokkas
  4 frilled lizards
  5 kobolds
  6 rats
56 creatures vanquished.

Notes
Turn   | Place    | Note
-------+----------+-------------------------------------------
     0 | Abyss:1  | oldriver the Formicid Abyssal Knight began the quest for
                  | the Orb.
     0 | Abyss:1  | Reached XP level 1. HP: 18/18 MP: 2/2
     7 | D:1      | Escaped the Abyss
   230 | D:1      | Reached XP level 2. HP: 11/24 MP: 3/3
   623 | D:1      | Reached XP level 3. HP: 8/30 MP: 5/5
   997 | D:1      | Found Rasegiosei's Weapon Emporium.
  2076 | D:2      | Reached ** piety under Lugonu
  2256 | D:2      | Reached XP level 4. HP: 37/37 MP: 6/6
  2439 | D:2      | Reached skill level 4 in Fighting
  2718 | D:2      | Found a broken altar of Ashenzari.
  2801 | D:2      | Found Pirras's Jewellery Boutique.
  2935 | D:2      | Found a faded altar of an unknown god.
  3010 | D:3      | Identified the +1 leather armour "Wuteithrefo" {Int-5
                  | Dex+5}
  3055 | D:3      | Reached skill level 1 in Throwing
  3055 | D:3      | Reached XP level 5. HP: 29/42 MP: 7/7
  3451 | D:3      | Noticed an orc warrior
  3672 | D:3      | Noticed a sky beast
  3691 | D:3      | HP: 1/43 [sky beast (6)]
  3692 | D:3      | Slain by a sky beast

Illustrated notes

Levels and vault maps discovered:
D:1:      onia_arrival_pyramid, layout_loops_ring, serial_shops, shop,
          minmay_misc_feat_pillars
D:2:      layout_loops_cross, serial_shops, shop,
          nicolae_ecumenical_lake_church, basic_altar
D:3:      layout_rooms

Skill      XL: |  1  2  3  4 |
---------------+-------------+-----
Invocations    | 3 |  3.8
Fighting       | 4 |  4.3
Axes           | 3 |  3.3
Throwing       | 1 |  1.5
Armour         | |  2.1
Dodging        | |  0.8

Action                   |  1- 3 |  4- 6 || total
-------------------------+-------+-------++-------
Melee: Hand axe          |    96 |    87 ||   183
       Punch             |     1 |     2 ||     3
Throw: Stone             |    19 |    37 ||    56
       Dart              |       |     6 ||     6
Armor: Leather armour    |    28 |    31 ||    59
Dodge: Dodged            |    52 |    42 ||    94
